 Dungeon Crawl Stone Soup version 0.22.1-2-g9c5b331 (webtiles) character file.

8654 Steinski the Carver (level 11, -9/123 HPs)
             Began as a Demonspawn Fighter on Dec 11, 2018.
             Was a Believer of Ru.
             Mangled by a death yak (12 damage)
             ... on level 9 of the Dungeon.
             The game lasted 00:53:52 (6868 turns).

Steinski the Carver (Demonspawn Fighter)            Turns: 6868, Time: 00:53:52

Health: -9/123     AC: 25    Str: 21    XL:     11   Next: 12%
Magic:  0/11       EV:  2    Int: 13    God:    Ru [**....]
Gold:   514        SH: 26    Dex: 14    Spells: 10/10 levels left

rFire    . . .     SeeInvis .   u - +5 long sword "Bafilu" {slice, Int+7}
rCold    . . .     Gourm    .   x - +10 large shield of Ignorance {rN+ Int-4}
rNeg     + + +     Faith    .   (armour currently unavailable)
rPois    +         Spirit   +   (helmet currently unavailable)
rElec    .         Reflect  .   (cloak currently unavailable)
rCorr    .         Harm     .   (gloves currently unavailable)
MR       +....     NoTele   +   (boots currently unavailable)
Stlth    ++........             r - amulet of guardian spirit
HPRegen  0.30/turn              m - +3 ring of strength
MPRegen  0.12/turn              t - ring of protection from magic

@: tree-form, very slightly contaminated, invisible
A: powered by death 2, unskilled 1, missing an eye
a: Renounce Religion


You were on level 9 of the Dungeon.
You worshipped Ru.
Ru was pleased with you.
You were full.
You were a tree.
You visited 2 branches of the dungeon, and saw 10 of its levels.

You collected 514 gold pieces.

Inventory:

Hand Weapons
 u - the +5 long sword "Bafilu" (weapon) {slice, Int+7}
   (You found it on level 4 of the Dungeon)

   It inflicts extra damage upon your enemies.
   It affects your intelligence (+7).
Armour
 l - a +5 plate armour of cold resistance (melded)
 x - the +10 large shield of Ignorance (worn) {rN+ Int-4}
   (You found it on level 8 of the Dungeon)

   It affects your intelligence (-4).
   It protects you from negative energy.
 H - a +0 cloak (melded)
Magical Staves
 z - an uncursed staff of conjuration {unknown}
Jewellery
 g - an uncursed ring of fire
 m - a +3 ring of strength (left branch)
 r - an amulet of guardian spirit (around neck)
 t - a ring of protection from magic (right branch)
 G - an uncursed ring of ice
Wands
 d - a wand of random effects (18)
 o - a wand of iceblast (7)
 q - a wand of scattershot (8)
Scrolls
 a - 2 scrolls of blinking
 c - a scroll of enchant armour
 h - a scroll of identify
 j - a scroll of teleportation
 n - 3 scrolls of remove curse
 v - 2 scrolls of amnesia
 y - a scroll of magic mapping
Potions
 p - 3 potions of lignification
 D - 2 potions of flight
 E - a potion of resistance
Comestibles
 f - 11 rations


   Skills:
 + Level 6.3 Fighting
 + Level 9.0 Long Blades
 + Level 6.6 Armour
 + Level 3.3 Dodging
 + Level 1.4 Stealth
 + Level 7.8 Shields


You had 10 spell levels left.
You didn't know any spells.
Your spell library was empty.

Dungeon Overview and Level Annotations

Branches:
Dungeon (9/15)             Temple (1/1) D:5            Lair (0/6) D:9
    Orc: D:9-12

Altars:
Ashenzari
Cheibriados
Dithmenos
Elyvilon
Fedhas
Gozag
Hepliaklqana
Kikubaaqudgha
Makhleb
Nemelex Xobeh
Okawaru
Qazlal
Ru
Sif Muna
Trog
Uskayaw
Vehumet
Wu Jian
Xom
Yredelemnul
Zin
The Shining One
Beogh

Shops:
D:5 *


Innate Abilities, Weirdness & Mutations

((You have a pair of horns on your head.))
You regenerate health from kills.
((You are mostly covered in sharp spines.))
You are somewhat unskilled. (-1 Apt)
You are missing an eye, making it more difficult to aim.
((Your movements are less encumbered by armour. (ER -4)))


Message History

You slash the death yak!
The death yak is lightly wounded.
The death yak gores you but does no damage.
The death yak gores you!
* * * LOW HITPOINT WARNING * * *
The death yak gores you.
* * * LOW HITPOINT WARNING * * *
The death yak gores you.
* * * LOW HITPOINT WARNING * * *
Okay, then.
As you read the scroll of fear, it crumbles to dust.
You assume a fearsome visage.
The death yak resists with almost no effort.
The death yak easily resists.
The death yak looks frightened!
The death yak resists with almost no effort. x2
The death yak resists with some effort.
The leopard gecko looks frightened!
The crimson imp is unaffected.
The death yak gores you but does no damage.
You block the death yak's attack. x2; The death yak gores you!
You die...

#.....# #.....#
##.......
#.....##########........
..#'###...##..##....>...
..'..........<..........
..#.....................
..#..##..###.###5.Y.....
..#..###'###.###Y.....##
###..##...'....Y♣Y.....#
.#...'....#....YY.l.....
.#...##..######..##.....
.#...##### #..# ....
.#........ ...# ...
.#........ ....# ..
.#...##### .##+# .
.#...# #. .#...#


You could see 6 death yaks, a crimson imp and a leopard gecko (fleeing).

Vanquished Creatures
  Harold (D:7)
  A two-headed ogre (D:8)
  A deep elf mage (D:8)
  A manticore (D:8)
  A troll (D:8)
  2 hornets (D:8)
  2 hippogriffs
  Sigmund (D:3)
  A wraith (D:8)
  A human (D:7)
  4 hogs (D:7)
  A water moccasin (D:8)
  4 orc warriors
  3 ice beasts
  2 sky beasts
  2 ogres
  7 centaurs
  A big kobold (D:8)
  6 bullfrogs
  A water moccasin zombie (D:8)
  A wyvern skeleton (D:9)
  4 scorpions
  A water moccasin skeleton (D:7)
  A killer bee (D:8)
  2 howler monkeys
  5 crimson imps
  A centaur zombie (D:8)
  A quasit (D:6)
  12 orc priests
  A bullfrog zombie (D:8)
  2 hounds
  4 jellies
  3 centaur skeletons
  22 orc wizards
  Jessica (D:3)
  2 iguanas
  3 worker ants
  Ijyb (D:3)
  A hound zombie (D:5)
  4 gnolls (D:5)
  2 howler monkey skeletons
  13 adders
  2 shadow imps
  2 oozes
  An adder zombie (D:8)
  An adder skeleton (D:8)
  7 worms
  2 dart slugs
  7 leopard geckos
  62 orcs
  2 ball pythons
  2 giant cockroaches
  8 goblins
  9 hobgoblins
  12 jackals
  9 kobolds
  6 quokkas
  6 bats
  5 frilled lizards
  3 leopard gecko skeletons
  2 quokka skeletons
  8 rats
286 creatures vanquished.

Vanquished Creatures (others)
  An orc priest (D:8)
  An orc (D:8)
2 creatures vanquished.

Grand Total: 288 creatures vanquished

Notes
Turn   | Place    | Note
-------+----------+-------------------------------------------
     0 | D:1      | Steinski the Demonspawn Fighter began the quest for the
                  | Orb.
     0 | D:1      | Reached XP level 1. HP: 18/18 MP: 1/1
   173 | D:1      | Gained mutation: You are partially covered in sharp spines.
                  | [demonic ancestry]
   173 | D:1      | Reached XP level 2. HP: 21/24 MP: 2/2
   191 | D:1      | Reached skill level 2 in Long Blades
   491 | D:2      | Gained mutation: You have a pair of small horns on your
                  | head. [demonic ancestry]
   491 | D:2      | Reached XP level 3. HP: 25/29 MP: 3/3
   948 | D:2      | Gained mutation: You regenerate a little health from kills.
                  | [demonic ancestry]
   948 | D:2      | Reached XP level 4. HP: 31/35 MP: 4/4
  1422 | D:3      | Noticed Ijyb
  1427 | D:3      | Killed Ijyb
  1558 | D:3      | Found a radiant altar of Vehumet.
  1558 | D:3      | Found a blossoming altar of Fedhas.
  1606 | D:3      | Reached skill level 3 in Long Blades
  1629 | D:3      | Found a burning altar of Makhleb.
  1635 | D:3      | Gained mutation: You regenerate health from kills. [demonic
                  | ancestry]
  1635 | D:3      | Reached XP level 5. HP: 30/42 MP: 5/5
  1697 | D:3      | Noticed Jessica
  1697 | D:3      | Noticed Sigmund
  1700 | D:3      | Killed Jessica
  1707 | D:3      | Killed Sigmund
  1707 | D:3      | Reached skill level 1 in Dodging
  1707 | D:3      | Gained mutation: Your movements are slightly less
                  | encumbered by armour. (ER -2) [demonic ancestry]
  1707 | D:3      | Reached XP level 6. HP: 46/48 MP: 6/6
  1712 | D:3      | Reached skill level 4 in Long Blades
  1880 | D:3      | Found a deep blue altar of Sif Muna.
  2012 | D:4      | Got a smoking long sword
  2018 | D:4      | Identified the +5 long sword "Bafilu" {slice, Int+7} (You
                  | found it on level 4 of the Dungeon)
  2124 | D:4      | Reached XP level 7. HP: 54/54 MP: 7/7
  2561 | D:4      | Reached skill level 5 in Long Blades
  2855 | D:5      | Entered Level 5 of the Dungeon
  2962 | D:5      | Found an iron altar of Okawaru.
  2972 | D:5      | Reached XP level 8. HP: 54/61 MP: 8/8
  3008 | D:5      | Reached skill level 6 in Long Blades
  3123 | D:5      | Found a staircase to the Ecumenical Temple.
  3141 | D:5      | Found Gozag's Platinum Reserve.
  3235 | D:5      | Found an opulent altar of Gozag.
  3682 | Temple   | Entered the Ecumenical Temple
  3697 | Temple   | Became a worshipper of Ru the Awakened
  3898 | D:6      | Reached skill level 5 in Shields
  3909 | D:6      | Found a stormy altar of Qazlal.
  3993 | D:6      | Found a glowing golden altar of the Shining One.
  4178 | D:6      | Reached skill level 5 in Armour
  4531 | D:6      | Reached skill level 7 in Long Blades
  4531 | D:6      | Gained mutation: You have a pair of horns on your head.
                  | [demonic ancestry]
  4531 | D:6      | Reached XP level 9. HP: 56/67 MP: 9/9
  4535 | D:6      | Found a runed door.
  4719 | D:6      | Reached skill level 5 in Fighting
  4783 | D:6      | Found a roughly hewn altar of Beogh.
  4860 | D:7      | Noticed Harold
  4876 | D:7      | Killed Harold
  4876 | D:7      | Reached skill level 8 in Long Blades
  4890 | D:7      | Gained mutation: You are missing an eye, making it more
                  | difficult to aim. [Ru sacrifice]
  4890 | D:7      | Reached * piety under Ru
  4955 | D:7      | Gained mutation: You are mostly covered in sharp spines.
                  | [demonic ancestry]
  4955 | D:7      | Reached XP level 10. HP: 56/76 MP: 10/10
  5229 | D:7      | Found a shadowy altar of Dithmenos.
  5381 | D:8      | Noticed a manticore
  5390 | D:8      | Killed a manticore
  5390 | D:8      | Reached skill level 9 in Long Blades
  5390 | D:8      | Reached skill level 1 in Stealth
  5411 | D:8      | Noticed a two-headed ogre
  5429 | D:8      | Killed a two-headed ogre
  5430 | D:8      | Noticed a deep elf mage
  5457 | D:8      | Killed a deep elf mage
  5712 | D:8      | Found the +10 large shield of Ignorance {rN+ Int-4}
  5877 | D:8      | Paralysed by a hornet for 2 turns
  5945 | D:8      | Gained mutation: Your movements are less encumbered by
                  | armour. (ER -4) [demonic ancestry]
  5945 | D:8      | Reached XP level 11. HP: 41/84 MP: 11/11
  6346 | D:9      | Gained mutation: You are somewhat unskilled. (-1 Apt) [Ru
                  | sacrifice]
  6346 | D:9      | Reduced skill Long Blades to level 8
  6346 | D:9      | Reached ** piety under Ru
  6665 | D:9      | Reached skill level 9 in Long Blades
  6851 | D:9      | Noticed a death yak
  6852 | D:9      | Noticed a death yak
  6852 | D:9      | Noticed a death yak
  6852 | D:9      | Noticed a death yak
  6853 | D:9      | Found a staircase to the Lair.
  6853 | D:9      | Noticed a death yak
  6853 | D:9      | Noticed a death yak
  6867 | D:9      | HP: 5/123 [death yak (4)]
  6867 | D:9      | HP: 2/123 [death yak (3)]
  6868 | D:9      | Mangled by a death yak

Skill      XL: |  1  2  3  4  5  6  7  8  9 10 11 |
---------------+----------------------------------+-----
Long Blades    | 2 3 4 5 7 8 9 9 |  9.0
Armour         | 3 4 5 6 7 6 |  6.6
Shields        | 3 4 5 6 8 7 |  7.8
Dodging        | 1 2 3 |  3.3
Fighting       | 4 6 7 6 |  6.3
Stealth        | 1 |  1.4

Action                   |  1- 3 |  4- 6 |  7- 9 | 10-12 || total
-------------------------+-------+-------+-------+-------++-------
Melee: Long sword        |   119 |    96 |   225 |   262 ||   702
       Headbutt          |     6 |    17 |    42 |    38 ||   103
Invok: Sacrifice an Eye  |       |       |     1 |       ||     1
       Sacrifice Skill   |       |       |       |     1 ||     1
  Use: Scroll            |       |     5 |     6 |     8 ||    19
       Potion            |       |     1 |     4 |    13 ||    18
 Stab: Invisible         |       |       |       |     3 ||     3
  Eat: Ration            |       |     3 |     2 |     3 ||     8
Armor: Scale mail        |    73 |    27 |    55 |       ||   155
       Chain mail        |       |       |    14 |       ||    14
       Plate armour      |       |       |    34 |    83 ||   117
       Skin              |       |       |       |    67 ||    67
Dodge: Dodged            |    33 |    26 |    61 |    46 ||   166
Block: Shield            |    70 |    60 |   187 |   105 ||   422
       Large shield      |       |       |       |   181 ||   181
       Rpst.: Long sword |    10 |    11 |    13 |    12 ||    46
